 Dungeon Crawl Stone Soup version 0.20-a0-222-gb69ddcd (webtiles) character file.

11468 KristoblXynda the Thaumaturge (level 11, -7/88 HPs)
             Began as a Yellow Draconian Venom Mage on Nov 29, 2016.
             Was a Believer of Vehumet.
             Mangled by a troll (12 damage)
             ... on level 10 of the Dungeon.
             The game lasted 00:38:56 (14604 turns).

KristoblXynda the Thaumaturge (DrVM)               Turns: 14604, Time: 00:38:56

Health: -7/88      AC: 17    Str: 11    XL:     11   Next: 49%
Magic:  29/33      EV: 18    Int: 18    God:    Vehumet [**....]
Gold:   475        SH:  6    Dex: 14    Spells: 18/29 levels left

rFire  . . .     SeeInvis .     i - +9 mace of Duty {crush, rC+ MP+9 Dex+2}
rCold  + + .     Gourm    .     (armour unavailable)
rNeg   . . .     Faith    .     A - +1 buckler
rPois  .         Spirit   .     C - +2 hat {MR+}
rElec  +         Reflect  .     w - +1 cloak
rCorr  +         Harm     .     D - +1 pair of gloves
MR     +....                    y - +1 pair of boots
Stlth  ++........               (no amulet)
                                z - +3 ring of evasion
                                l - +2 ring of protection

@: short of breath, drained
A: spit acid, acid resistance, unfitting armour, cold resistance 1, electricity
resistance, evolution 1, cold-blooded, AC +7
a: Breathe Acid, Renounce Religion


You were on level 10 of the Dungeon.
You worshipped Vehumet.
Vehumet was pleased with you.
You were very hungry.

You visited 4 branches of the dungeon, and saw 13 of its levels.

You collected 475 gold pieces.

Inventory:

Hand Weapons
 i - the +9 mace of Duty (weapon) {crush, rC+ MP+9 Dex+2}
   (You found it on level 4 of the Dungeon)

   It inflicts extra damage upon your enemies.
   It affects your dexterity (+2).
   It protects you from cold.
   It affects your magic capacity (+9).
Missiles
 e - 5 poisoned javelins (quivered)
 u - a throwing net
Armour
 w - a +1 cloak (worn)
 y - a +1 pair of boots (worn)
 A - a +1 buckler (worn)
 C - a +2 hat of magic resistance (worn)
 D - a +1 pair of gloves (worn)
Jewellery
 f - a +5 ring of dexterity
 h - an uncursed ring of flight
 l - a +2 ring of protection (left hand)
 z - a +3 ring of evasion (right hand)
Wands
 B - a wand of lightning (0/15)
Scrolls
 c - 3 scrolls of recharging
 g - 2 scrolls of enchant armour
 m - 2 scrolls of teleportation
 n - a scroll of fog
 p - 2 scrolls of amnesia
 v - 5 scrolls of remove curse
 G - a scroll of identify
Potions
 k - a potion of cancellation
 q - a potion of brilliance
 r - 5 potions of cure mutation
 E - a potion of ambrosia
Books
 a - a Young Poisoner's Handbook

   Spells                             Type                      Level
   a - Sting                          Conjuration/Poison           1
   b - Mephitic Cloud                 Conjuration/Poison/Air       3
   c - Olgreb's Toxic Radiance        Poison                       4
   d - Alistair's Intoxication        Transmutation/Poison         5
   e - Venom Bolt                     Conjuration/Poison           5
 j - Casting for Novices
   (You found it on level 4 of the Dungeon)

   Spells                             Type                      Level
   a - Flame Tongue                   Conjuration/Fire             1
   b - Sting                          Conjuration/Poison           1
   c - Sandblast                      Earth                        1
   d - Summon Butterflies             Summoning                    1
   e - Apportation                    Translocation                1
 s - a book of Changes

   Spells                             Type                      Level
   a - Beastly Appendage              Transmutation                1
   b - Sticks to Snakes               Transmutation                2
   c - Spider Form                    Transmutation/Poison         3
   d - Ice Form                       Ice/Transmutation            4
   e - Blade Hands                    Transmutation                5
 t - a book of Misfortune

   Spells                             Type                      Level
   a - Confusing Touch                Hexes                        1
   b - Confuse                        Hexes                        3
   c - Gell's Gravitas                Hexes/Translocation          3
   d - Petrify                        Transmutation/Earth          4
   e - Metabolic Englaciation         Hexes/Ice                    5
   f - Yara's Violent Unravelling     Hexes/Transmutation          5
Comestibles
 b - 10 bread rations
 d - 8 meat rations
 o - a beef jerky
 x - 8 fruits


   Skills:
 - Level 5.3 Fighting
 - Level 6.1(6.0) Maces & Flails
 - Level 6.0(5.9) Dodging
 - Level 1.7 Stealth
 - Level 4.0(3.9) Shields
 - Level 0.8(0.7) Unarmed Combat
 + Level 9.5 Spellcasting
 + Level 7.4 Conjurations
 + Level 1.2 Hexes
 + Level 2.3(2.2) Transmutations
 - Level 2.2(2.1) Air Magic
 - Level 1.5(1.4) Earth Magic
 - Level 5.1(5.0) Poison Magic
 - Level 5.0 Evocations


You had 18 spell levels left.
You knew the following spells:

 Your Spells              Type           Power        Failure   Level  Hunger
a - Petrify               Tmut/Erth      ###.....     41%         4    ###....
b - Mephitic Cloud        Conj/Pois/Air  ####....     3%          3    None
c - Shock                 Conj/Air       ####         1%          1    None
d - Confuse               Hex            ##......     17%         3    None


Dungeon Overview and Level Annotations

Branches:
Dungeon (10/15)            Temple (1/1) D:7            Lair (1/6) D:8
    Orc (1/2) D:9

Altars:
Ashenzari
Cheibriados
Dithmenos
Elyvilon
Fedhas
Gozag
Hepliaklqana
Kikubaaqudgha
Makhleb
Nemelex Xobeh
Okawaru
Qazlal
Ru
Sif Muna
Trog
Uskayaw
Vehumet
Xom
Yredelemnul
Zin
The Shining One

Shops:
D:7 [

Annotations:
Lair:1 KristoblXynda's ghost, novice DrVM


Innate Abilities, Weirdness & Mutations

You can spit globs of acid.
You are resistant to acid.
Your golden yellow scales are hard. (AC +7)
You cannot fit into any form of body armour.
You are cold-blooded and may be slowed by cold attacks.
Your flesh is cold resistant. (rC+)
You are resistant to electric shocks. (rElec)
You evolve.


Message History

Casting: Shock
Confirm with . or Enter, or press ? or * to list all spells.
Aiming: Mephitic Cloud
Press: ? - help, Shift-Dir - straight line, p - troll The ball explodes into a vile cloud!
The stinking cloud engulfs the troll.
The troll is severely wounded.
You hear a shout! x4
The troll is engulfed in noxious fumes.
The troll bites you but does no damage. You block the troll's attack.
The troll claws you.
* * * LOW HITPOINT WARNING * * *
Unknown command.
The troll is engulfed in noxious fumes.
Okay, then.
Okay, then.
Evoke which item? (* to show all) (? for menu, Esc to quit)
Zapping:
B - a wand of lightning (?/15) {zapped: 9} (will waste charges)
Press: ? - help, Shift-Dir - straight line, f - troll
Aim: a troll (severely wounded, covered in acid) Nothing appears to happen.
The troll bites you!
You die...

.# #.# #.# #.#### ### .
#....# #.# ..### #....#
#.######..
.....#####....###..§§.....
....................§§..[.
................@T..§§....
....######'#..............
....#....{.#..............
... +......#..............
... #......#............##
.. #....(.#).....#'#####
.. #......'[######..
#......')# ...
########.###


You could see a troll.

Vanquished Creatures
  Gastronok (D:9)
  Fannar (Lair:1)
  An unseen horror (D:10)
  An ugly thing (D:8)
  The ghost of Lochraine the Covered, a novice HOFi of Yredelemnul (D:7)
  Maurice (D:8)
  A spiny frog (Lair:1)
  Psyche (D:8)
  2 trolls
  2 two-headed ogres
  A wyvern (D:9)
  Grum (D:8)
  A basilisk (Lair:1)
  A hungry ghost (D:7)
  2 wargs (D:9)
  A water moccasin (D:9)
  A porcupine (Lair:1)
  Duvessa (D:6)
  5 orc warriors
  2 ice beasts
  A hornet zombie (D:6)
  An eye of draining (D:9)
  2 sky beasts
  9 ogres
  5 centaurs
  3 wolves (D:8)
  2 big kobolds
  2 bullfrogs (Lair:1)
  Dowan (D:6)
  4 scorpions
  A water moccasin skeleton (D:7)
  4 wights (D:5)
  2 electric eels (D:9)
  7 howler monkeys
  4 crimson imps
  A bullfrog zombie (D:7)
  5 hounds
  2 quasits (D:9)
  A gnoll shaman (D:8)
  A centaur skeleton (D:6)
  6 orc priests
  A jelly (D:5)
  11 orc wizards
  A bullfrog skeleton (D:9)
  2 iguanas
  5 worker ants
  2 hound zombies
  A hound skeleton (D:8)
  14 gnolls
  17 adders
  A howler monkey skeleton (D:7)
  7 river rats (D:5)
  A shadow imp (D:6)
  2 oozes
  An adder skeleton (D:9)
  An adder zombie (D:9)
  A worm (D:5)
  4 dart slugs
  5 leopard geckos
  28 orcs
  6 bats
  2 giant cockroaches
  9 goblins
  11 hobgoblins
  4 jackals (D:9)
  20 kobolds
  4 quokkas
  A ball python (D:2)
  5 frilled lizards
  32 rats
291 creatures vanquished.

Vanquished Creatures (others)
  An orc (D:9)
  2 fungi (D:8)
3 creatures vanquished.

Grand Total: 294 creatures vanquished

Notes
Turn   | Place    | Note
-------+----------+-------------------------------------------
     0 | D:1      | KristoblXynda the Draconian Venom Mage began the quest for the Orb.
     0 | D:1      | Reached XP level 1. HP: 14/14 MP: 3/3
    28 | D:1      | Reached skill level 1 in Conjurations
    43 | D:1      | Reached XP level 2. HP: 16/20 MP: 0/5
   687 | D:1      | Reached XP level 3. HP: 26/26 MP: 2/6
   694 | D:1      | Learned a level 3 spell: Mephitic Cloud
  1561 | D:2      | Reached XP level 4. HP: 33/33 MP: 5/8
  2184 | D:3      | Reached skill level 3 in Spellcasting
  2246 | D:3      | Reached XP level 5. HP: 26/38 MP: 2/9
  3247 | D:4      | Reached skill level 5 in Poison Magic
  3358 | D:4      | Reached XP level 6. HP: 44/45 MP: 3/11
  3550 | D:4      | Got a crude mace
  3551 | D:4      | Identified the +9 mace of Duty {crush, rC+ MP+9 Dex+2} (You found it on level 4 of the Dungeon)
  3759 | D:4      | Identified Casting for Novices
  4120 | D:4      | Reached skill level 1 in Maces & Flails
  4153 | D:5      | Entered Level 5 of the Dungeon
  4164 | D:5      | Reached skill level 4 in Spellcasting
  4385 | D:5      | Your scales start taking on a golden yellow colour.
  4385 | D:5      | Reached XP level 7. HP: 35/50 MP: 9/13
  4947 | D:5      | Reached skill level 1 in Air Magic
  5126 | D:5      | Found a deep blue altar of Sif Muna.
  5254 | D:5      | Reached skill level 5 in Spellcasting
  5259 | D:5      | Reached skill level 1 in Shields
  5307 | D:5      | Reached XP level 8. HP: 38/57 MP: 15/15
  6421 | D:6      | Noticed Duvessa
  6425 | D:6      | Noticed Dowan
  6428 | D:6      | Killed Duvessa
  6450 | D:6      | Killed Dowan
  6450 | D:6      | Reached skill level 5 in Maces & Flails
  7144 | D:6      | Found a blossoming altar of Fedhas.
  7244 | D:6      | Found a basalt altar of Yredelemnul.
  7343 | D:6      | Found a glowing golden altar of the Shining One.
  8120 | D:6      | Reached XP level 9. HP: 62/62 MP: 17/17
  8209 | D:7      | Reached skill level 6 in Spellcasting
  8237 | D:7      | Noticed Lochraine's ghost (novice HOFi)
  8254 | D:7      | Killed Lochraine's ghost
  8485 | D:7      | Found a sparkling altar of Nemelex Xobeh.
  8541 | D:7      | Found Ofudoceps's Antique Armour Shop.
  8607 | D:7      | Reached skill level 1 in Evocations
  8623 | D:7      | Found a staircase to the Ecumenical Temple.
  8649 | Temple   | Entered the Ecumenical Temple
  8658 | Temple   | Became a worshipper of Vehumet
  8701 | D:7      | Found a stormy altar of Qazlal.
  9009 | D:7      | Reached skill level 7 in Spellcasting
  9387 | D:8      | Noticed Maurice
  9512 | D:8      | Noticed Grum
  9528 | D:8      | Killed Grum
  9528 | D:8      | Reached XP level 10. HP: 29/80 MP: 21/21
  9859 | D:8      | Noticed a cyan ugly thing
  9865 | D:8      | Noticed Psyche
  9879 | D:8      | Killed Psyche
  9879 | D:8      | Reached skill level 5 in Fighting
  9901 | D:8      | Killed a cyan ugly thing
 10226 | D:8      | Killed Maurice
 10417 | D:8      | Reached skill level 8 in Spellcasting
 10434 | D:8      | Found a staircase to the Lair.
 10575 | D:9      | Reached skill level 5 in Evocations
 10577 | D:9      | Reached * piety under Vehumet
 10577 | D:9      | Offered knowledge of Shock by Vehumet.
 10584 | D:9      | Learned a level 1 spell: Shock
 10769 | D:9      | Reached skill level 5 in Conjurations
 11128 | D:9      | Gained mutation: You evolve. [potion of beneficial mutation]
 11129 | D:9      | Gained mutation: Your flesh is cold resistant. (rC+) [potion of beneficial mutation]
 11189 | D:9      | Found an iron altar of Okawaru.
 11210 | D:9      | Found a burning altar of Makhleb.
 11298 | D:9      | Noticed Gastronok
 11314 | D:9      | Killed Gastronok
 11314 | D:9      | Reached skill level 5 in Dodging
 11477 | D:9      | Reached XP level 11. HP: 73/88 MP: 19/23
 11533 | D:9      | Offered knowledge of Throw Flame by Vehumet.
 11536 | D:9      | Reached ** piety under Vehumet
 11744 | D:9      | Found a staircase to the Orcish Mines.
 11759 | D:9      | Reached skill level 9 in Spellcasting
 11853 | Orc:1    | Entered Level 1 of the Orcish Mines
 11853 | Orc:1    | Noticed an orc sorcerer
 12139 | D:9      | Learned a level 4 spell: Petrify
 12260 | Orc:1    | Noticed a stone giant
 12277 | D:9      | Gained mutation: You are resistant to electric shocks. (rElec) [evolution]
 12499 | D:10     | Entered Level 10 of the Dungeon
 12517 | Lair:1   | Entered Level 1 of the Lair of Beasts
 12831 | Lair:1   | Noticed KristoblXynda's ghost (novice DrVM)
 13727 | Lair:1   | Noticed Fannar
 13795 | Lair:1   | Killed Fannar
 13795 | Lair:1   | Reached skill level 1 in Transmutations
 13795 | Lair:1   | Reached skill level 1 in Earth Magic
 13865 | Lair:1   | Learned a level 3 spell: Confuse
 14463 | D:10     | Killed an unseen horror
 14463 | D:10     | Reached skill level 1 in Hexes
 14592 | D:10     | Offered knowledge of Searing Ray by Vehumet.
 14601 | D:10     | HP: 4/88 [troll (4)]
 14604 | D:10     | Mangled by a troll

Vault maps used:
D:1:      erik_arrival_orb_chamber, minmay_tripent
D:3:      dk_vineyard_1
D:5:      kennysheep_little_box, first_bread, dk_rats_in_the_wall
D:6:      kennysheep_mini, nicolae_overflow_crystal_walls,
          fedhas_altar_fruit_tree, uniq_duvessa
D:7:      nicolae_qazlal_general_emergency, serial_shops, shop, grunt_ogre_cave,
          nemelex_dance_club_becter
D:8:      dpeg_oklobed_lair, minmay_hedge_maze, uniq_psyche, uniq_grum,
          uniq_maurice
D:9:      minitemple, erik_orc_2, uniq_gastronok
Temple:   eino_temple_lava
Lair:1:   uniq_fannar
Orc:1:    serial_shops, shop_statue, minmay_orc_treasury

Skill      XL: |  1  2  3  4  5  6  7  8  9 10 11 |
---------------+----------------------------------+-----
Conjurations   | 1 2 3 4 6 7 |  7.4
Spellcasting   | 3 4 5 7 8 9 |  9.5
Poison Magic   | 5 |  5.1
Maces & Flails | 2 3 5 6 |  6.1
Air Magic      | 2 |  2.2
Shields        | 1 4 |  4.0
Dodging        | 2 4 5 6 |  6.0
Fighting       | 4 5 |  5.3
Evocations     | 3 5 |  5.0
Transmutations | 2 |  2.3
Earth Magic    | 1 |  1.5
Hexes          | 1 |  1.2
Stealth        | |  1.7
Unarmed Combat | |  0.8

Action                   |  1- 3 |  4- 6 |  7- 9 | 10-12 || total
-------------------------+-------+-------+-------+-------++-------
Melee: Unarmed           |    98 |    72 |       |       ||   170
       Tailslap          |     9 |     9 |    36 |    31 ||    85
       Mace              |       |     7 |   234 |   284 ||   525
Throw: Throwing net      |       |       |       |     2 ||     2
 Cast: Sting             |    61 |   137 |   109 |    24 ||   331
       Mephitic Cloud    |       |       |     5 |    21 ||    26
       Shock             |       |       |       |    86 ||    86
 Abil: Breathe Acid      |       |       |    14 |    14 ||    28
Evoke: Wand              |       |       |       |     4 ||     4
  Use: Scroll            |       |    11 |     7 |    14 ||    32
       Potion            |       |     8 |     1 |     7 ||    16
 Stab: Sleeping          |     2 |       |     3 |     2 ||     7
       Confused          |       |       |     1 |     7 ||     8
  Eat: Chunk             |     3 |     5 |     9 |     8 ||    25
       Fruit             |       |     2 |     8 |     2 ||    12
       Pizza             |       |     1 |     1 |       ||     2
       Beef jerky        |       |     1 |     2 |     5 ||     8
Armor: Skin              |    27 |    37 |    68 |    85 ||   217
Dodge: Dodged            |    70 |    55 |   152 |   273 ||   550
Block: Buckler           |       |       |    37 |    89 ||   126
